 Dungeon Crawl Stone Soup version 0.23.2-40-g277498a001 (webtiles) character file.

Game seed: 12770790860544374988

197 H0rd4k the Magician (level 5, -1/28 HPs)
             Began as a Deep Elf Wizard on Sept 30, 2019.
             Killed from afar by an orc wizard (5 damage)
             ... with a magic dart
             ... on level 3 of the Dungeon.
             The game lasted 00:05:16 (2239 turns).

H0rd4k the Magician (Deep Elf Wizard)               Turns: 2239, Time: 00:05:16

Health: -1/28      AC:  5    Str:  4    XL:     5   Next: 46%
Magic:  0/16       EV: 13    Int: 24    God:
Gold:   129        SH:  0    Dex: 13    Spells: 11/17 levels left

rFire    . . .     SeeInvis .   (no weapon)
rCold    . . .     Gourm    .   (no shield)
rNeg     . . .     Faith    .   a - +1 robe
rPois    .         Spirit   .   b - +0 hat
rElec    .         Reflect  .   (no cloak)
rCorr    .         Harm     .   l - +0 pair of gloves
MR       +....                  k - +0 pair of boots
Stlth    ++........             (no amulet)
HPRegen  0.09/turn              c - ring of flight
MPRegen  0.15/turn              g - ring of protection from magic

@: berserk cooldown, hasted and slowed
A: no striking features
a: Evoke Flight


You were on level 3 of the Dungeon.
You were not hungry.

You visited 1 branch of the dungeon, and saw 3 of its levels.

You collected 129 gold pieces.

Inventory:

Hand Weapons
 f - a +2 dagger of holy wrath
 i - a +2 dagger of venom
Armour
 a - a +1 robe (worn)
 b - a +0 hat (worn)
 k - a +0 pair of boots (worn)
 l - a +0 pair of gloves (worn)
Jewellery
 c - a ring of flight (left hand)
 g - a ring of protection from magic (right hand)
 h - a cursed amulet of magic regeneration {unknown}
Scrolls
 j - a scroll of enchant armour
Potions
 e - 2 potions of haste
Comestibles
 d - 6 rations


   Skills:
 + Level 0.1 Fighting
 + Level 3.6 Dodging
 + Level 2.8 Stealth
 + Level 6.6 Spellcasting
 + Level 3.2 Conjurations
   Level 1.1 Summonings
 + Level 1.1 Translocations


You had 11 spell levels left.
You knew the following spells:

 Your Spells              Type           Power        Failure   Level  Hunger
a - Magic Dart            Conj           ###.         1%          1    None
b - Blink                 Tloc           N/A          7%          2    None
c - Conjure Flame         Conj/Fire      ###.....     12%         3    None

Your spell library contained the following spells:

 Spells                   Type           Power        Failure   Level  Hunger
 Call Imp                 Summ           ##......     7%          2    None
 Slow                     Hex            #.......     11%         2    None
 Mephitic Cloud           Conj/Pois/Air  ##......     14%         3    None


Dungeon Overview and Level Annotations

Branches:
Dungeon (3/15)

Altars:
Cheibriados
Gozag
Trog


Message History

The magic dart hits you.
* * * LOW HITPOINT WARNING * * *
You feel a strong urge to attack something.
You are no longer berserk.
You are exhausted.
You feel yourself slow down.
Casting: Magic Dart (safe; 1% risk of failure)
Confirm with . or Enter, or press ? or * to list all spells.
Aiming: Magic Dart (safe; 1% risk of failure)
Press: ? - help, Shift-Dir - straight line, f/p - orc wizard
Aim: an orc wizard, wielding a +0 dagger and wearing a +0 robe (almost dead, fast)
The magic dart hits the orc wizard but does no damage.
The orc wizard is almost dead.
The orc wizard barely misses you.
Okay, then.
The orc wizard casts a spell.
The orc wizard blinks!
The orc wizard casts a spell at you. The magic dart hits you.
You die...

### #.# ############.#####
###########.o...............
#........##§##########.#####
########.##.# #.# ##########
#.##.# #######.# #........#
#.##@####....##)# #........#
#.......+....'..#
'........####.##.####....##.#####
#.........).)....# #######......
#........####.##.# #.(....
#........# #.##.# #.###†.
#........# #.##.# #.# #.#
#........# #.##.# #.# #.#
#........####.##.##########.###.#


You could see an orc wizard.

Vanquished Creatures
  An ogre (D:2)
  An orc wizard (D:3)
  2 adders (D:2)
  A worm (D:2)
  A dart slug (D:3)
  A leopard gecko (D:2)
  2 orcs (D:3)
  A ball python (D:1)
  4 giant cockroaches
  12 hobgoblins
  2 jackals (D:1)
  11 kobolds
  A quokka (D:3)
  6 bats
  2 frilled lizards (D:2)
  7 goblins
  8 rats
63 creatures vanquished.

Notes
Turn   | Place    | Note
-------+----------+-------------------------------------------
     0 | D:1      | H0rd4k the Deep Elf Wizard began the quest for the Orb.
     0 | D:1      | Reached XP level 1. HP: 10/10 MP: 7/7
   243 | D:1      | Reached skill level 5 in Spellcasting
   243 | D:1      | Reached XP level 2. HP: 13/15 MP: 8/10
   910 | D:2      | Reached XP level 3. HP: 19/19 MP: 3/11
  1178 | D:2      | Found a snail-covered altar of Cheibriados.
  1241 | D:2      | Found a bloodstained altar of Trog.
  1331 | D:2      | Noticed an ogre
  1340 | D:2      | Killed an ogre
  1340 | D:2      | Reached skill level 6 in Spellcasting
  1340 | D:2      | Reached XP level 4. HP: 24/24 MP: 4/14
  1451 | D:2      | Reached XP level 5. HP: 28/28 MP: 13/15
  1530 | D:2      | Learned a level 2 spell: Blink
  1534 | D:2      | Learned a level 3 spell: Conjure Flame
  1786 | D:2      | Found an opulent altar of Gozag.
  2239 | D:3      | Killed from afar by an orc wizard

Skill      XL: |  1  2  3  4  5 |
---------------+----------------+-----
Spellcasting   | 5 6 |  6.6
Dodging        | 3 |  3.6
Conjurations   | 2 3 |  3.2
Fighting       | |  0.1
Stealth        | |  2.8
Summonings     | |  1.1
Translocations | |  1.1

Action                   |  1- 3 |  4- 6 || total
-------------------------+-------+-------++-------
Melee: Unarmed           |       |     2 ||     2
 Cast: Magic Dart        |   108 |    61 ||   169
       Conjure Flame     |       |     2 ||     2
  Use: Scroll            |       |     3 ||     3
       Potion            |       |     2 ||     2
  Eat: Chunk             |       |     4 ||     4
Armor: Robe              |    13 |     3 ||    16
Dodge: Dodged            |    20 |     5 ||    25
